Map: Simulacro LE

Players

zeus

  • Race: Terran Terran
  • League: Diamond
  • Spawn Location: 11:00

LowLinK - Winner!

  • Race: Protoss Protoss
  • League: Diamond
  • Spawn Location: 5:00

VOD

Have the link to the VOD?

Description

Time

  • Played on: Feb. 16, 2020, 2:26 p.m.
  • Length: 4:39
Show
View Real Time Build Order
Export as new Build Order

zeus Terran 

Build Orders:  

Get SALT Encoding   

  12  0:01  SCV  
  13  0:13  SCV  
  14  0:17  Supply Depot  
  14  0:26  SCV  
  15  0:34  Refinery  
  15  0:39  SCV  
  16  0:45  Barracks  
  16  0:51  SCV  
  17  1:03  SCV  
  18  1:15  SCV  
  19  1:27  SCV  
  20  1:40  Reaper  
  20  1:44  Orbital Command  
  21  1:48  Command Center  
  21  2:07  Refinery  
  21  2:12  SCV, Barracks  
  22  2:24  SCV, Barracks Tech Lab  
  22  2:25  Supply Depot  
  23  2:47  SCV  
  24  2:58  Marine  
  24  2:59  SCV  
  24  3:01  Barracks Reactor  
  26  3:11  SCV  
  28  3:16  Orbital Command  
  27  3:22  Factory  
  27  3:23  SCV, Barracks  
  28  3:28  Bunker  
  28  3:35  SCV  
  28  3:54  Marine x3  
  31  4:14  Marine  
Show
View Real Time Build Order
Export as new Build Order

LowLinK Protoss - Winner!

Build Orders:  

Get SALT Encoding   

  12  0:01  Probe  
  13  0:13  Probe  
  14  0:18  Pylon  
  14  0:25  Probe  
  15  0:37  Probe (Chrono Boost)  
  15  0:38  Gateway  
  16  0:47  Assimilator  
  16  0:49  Probe (Chrono Boost)  
  17  0:55  Probe (Chrono Boost)  
  17  0:56  Assimilator  
  18  1:03  Probe  
  19  1:15  Probe  
  19  1:16  Pylon  
  20  1:25  Cybernetics Core  
  20  1:27  Probe  
  21  1:38  Gateway  
  22  1:40  Probe  
  22  1:52  Probe  
  23  1:56  Warp Gate (Chrono Boost)  
  18  2:01  Stalker  
  23  2:06  Gateway  
  25  2:23  Pylon, Gateway  
  25  2:24  Gateway  
  25  2:25  Gateway  
  25  2:32  Adept  
  27  2:42  Gateway  
  25  3:30  Stalker x3  
  25  3:31  Stalker  
  33  3:40  Stalker  
  35  3:57  Stalker x2  
  39  4:03  Pylon  
  39  4:21  Probe  
Tags
 
Add a new tag
Caveats
  • Supply blocks, unpowered buildings, or Contaminate may cause inaccurate times.
  • Supply counts are checked every 10 seconds.